 Dungeon Crawl Stone Soup version 0.24-a0-537-g2d01d4ab0a (webtiles) character file.

Game seed: 7879877243957237041

6 DasRunzen the Skirmisher (level 1, -1/21 HPs)
             Began as a Naga Wanderer on Aug 12, 2019.
             Slain by a hobgoblin
             ... wielding a +0 club
              (6 damage)
             ... on level 1 of the Dungeon.
             The game lasted 00:00:48 (475 turns).

DasRunzen the Skirmisher (Naga Wanderer)             Turns: 475, Time: 00:00:49

Health: -1/21      AC:  1    Str: 13    XL:     1   Next: 90%
Magic:  3/3        EV:  9    Int: 12    God:
Gold:   26         SH:  0    Dex: 11    Spells: 3/4 levels left

rFire    . . .     SeeInvis +   a - +2 mace
rCold    . . .     Gourm    .   (no shield)
rNeg     . . .     Faith    .   d - +0 robe
rPois    +         Spirit   .   (no helmet)
rElec    .         Reflect  .   (no cloak)
rCorr    .         Harm     .   (no gloves)
MR       .....                  (no barding)
Stlth    +.........             (no amulet)
HPRegen  0.07/turn              (no ring)
MPRegen  0.08/turn              (no ring)

@: very slow
A: large, see invisible, deformed body, poison resistance, slowness 2, slow
metabolism 1, spit poison 1, AC +0
a: Spit Poison


You were on level 1 of the Dungeon.
You were not hungry.

You visited 1 branch of the dungeon, and saw 1 of its levels.

You collected 26 gold pieces.

Inventory:

Hand Weapons
 a - a +2 mace (weapon)
Armour
 d - a +0 robe (worn)
Jewellery
 g - a +4 ring of protection {unknown}
Wands
 c - a wand of random effects (15)
Scrolls
 e - a scroll of identify {unknown}
Potions
 b - 3 potions of agility {unknown}
Comestibles
 f - a ration


   Skills:
 + Level 3.1 Fighting
 + Level 2.1 Maces & Flails
 + Level 2.1 Spellcasting
   Level 1.0 Translocations
 + Level 2.1 Evocations


You had 3 spell levels left.
You knew the following spells:

 Your Spells              Type           Power        Failure   Level  Hunger
a - Summon Butterflies    Summ           #.......     26%         1    ##.....

Your spell library contained the following spells:

 Spells                   Type           Power        Failure   Level  Hunger
 Recall                   Summ/Tloc      N/A          54%         3    ####...


Dungeon Overview and Level Annotations

Branches:
Dungeon (1/15)

Altars:


Innate Abilities, Weirdness & Mutations

You cannot wear boots.
Your serpentine skin is tough. (AC +0)
You have supernaturally acute eyesight. (SInv)
Armour fits poorly on your strangely shaped body.
Your system is resistant to poisons. (rPois)
You cover ground very slowly.
You have a slow metabolism.
You can spit poison.


Message History

You are too injured to fight recklessly!
You are too injured to fight recklessly!
You are too injured to fight recklessly!
You are too injured to fight recklessly!
You are too injured to fight recklessly!
You are too injured to fight recklessly!
You hit the dart slug.
The dart slug is heavily wounded.
The dart slug bites you.
* * * LOW HITPOINT WARNING * * *
You sock the dart slug!
You kill the dart slug!
A hobgoblin and a dart slug come into view.
The hobgoblin shouts!
You hear a shout! x2
There is a stone staircase leading down here.
You see here a dart slug corpse.
You see here a large granite ring.
g - a large granite ring You closely miss the hobgoblin.
The hobgoblin hits you with a +0 club.
You die...

##. ########.# #..
##......... #.#
######.....# w#
#.###..........# .#
#.#.....##.....# g#
#.#.###.###....# .#
#...# #.# ##.#.###.#
###.#.###.####.†@g.>.#
.............#...#####
######..[###.#...#
##...........
#.######.#... #..
......? #### #########


You could see a hobgoblin.

Vanquished Creatures
  A dart slug (D:1)
  2 bats (D:1)
  A kobold (D:1)
  A rat (D:1)
5 creatures vanquished.

Vanquished Creatures (others)
  5 toadstools (D:1)
5 creatures vanquished.

Grand Total: 10 creatures vanquished

Notes
Turn   | Place    | Note
-------+----------+-------------------------------------------
     0 | D:1      | DasRunzen the Naga Wanderer began the quest for the Orb.
     0 | D:1      | DasRunzen set off with the following items: a +2 mace, a
                  | wand of random effects (15), a +0 robe, a ration; and the
                  | following spell memorised: Summon Butterflies; and the
                  | following spells available to memorise: Recall
     0 | D:1      | Reached XP level 1. HP: 21/21 MP: 3/3
   475 | D:1      | Slain by a hobgoblin

Levels and vault maps discovered:
D:1:      dpeg_cavernosity, layout_loops_ring, minmay_gold_behind_fungi,
          corexii_item_surrounded_by_moat

Action                   || total
-------------------------++-------
Melee: Mace              ||    14
Armor: Robe              ||     5
Dodge: Dodged            ||     6

Table legend:
 A = Non-vault XP
 B = Vault XP
 C = Vault XP percentage of total XP
 D = Non-vault monster count
 E = Vault monster count
 F = Vault count percentage of total count
                 A         B        C        D         E       F
            +---------+---------+-------+---------+---------+-------
      Total |       9 |       0 |   0.0 |       5 |       0 |   0.0
            +---------+---------+-------+---------+---------+-------
        D:1 |       9 |       0 |   0.0 |       5 |       0 |   0.0
            +---------+---------+-------+---------+---------+-------
